Map: Ultralove

Players

VITmaru (Maru) - Winner!

  • Race: Terran Terran
  • Spawn Location: 7:00

ShoWTimE

  • Race: Protoss Protoss
  • League: Master
  • Spawn Location: 1:00

Event: HomeStory Cup XXVI

VOD

Have the link to the VOD?

Description

Time

  • Played on: Nov. 29, 2024, 4:10 p.m.
  • Length: 6:24

All games in this series

Show
View Real Time Build Order
Export as new Build Order

VITmaru Terran - Winner!

Build Orders: Cyclone Opening 

Get SALT Encoding   

  12  0:00  SCV  
  13  0:12  SCV  
  14  0:17  Supply Depot  
  14  0:24  SCV  
  15  0:38  SCV  
  15  0:40  Barracks  
  15  0:42  Refinery  
  16  0:50  SCV  
  16  0:53  Refinery  
  17  1:02  SCV  
  18  1:15  SCV  
  19  1:27  Orbital Command, Reaper  
  20  1:41  Factory  
  20  1:43  Supply Depot  
  20  1:52  SCV  
  21  1:59  Barracks Reactor  
  21  2:05  SCV  
  22  2:16  Command Center  
  22  2:17  SCV  
  23  2:24  Factory Tech Lab  
  23  2:27  Supply Depot  
  23  2:29  SCV  
  24  2:37  Marine x2  
  24  2:41  SCV  
  27  2:45  Cyclone  
  30  2:53  SCV  
  30  2:54  Starport  
  31  3:00  Marine x2  
  33  3:11  SCV  
  33  3:18  Marine x2  
  35  3:23  SCV  
  35  3:24  Factory Tech Lab  
  36  3:28  Orbital Command  
  36  3:36  SCV  
  36  3:37  Cloaking Field, Banshee  
  36  3:40  Refinery  
  40  3:43  Marine  
  40  3:47  Marine  
  40  3:48  SCV  
  43  3:56  Supply Depot  
  43  3:57  Siege Tank  
  43  3:59  SCV  
  47  4:03  Marine  
  47  4:04  Marine  
  47  4:07  SCV  
  50  4:11  SCV  
  51  4:19  Banshee  
  51  4:20  Supply Depot  
  51  4:21  Marine  
  51  4:22  Marine  
  56  4:26  SCV x2  
  56  4:30  Siege Tank  
  61  4:37  Supply Depot  
  61  4:38  SCV  
  62  4:41  Marine x2  
  62  4:42  SCV  
  65  4:50  SCV  
  66  4:57  Barracks  
  66  4:58  SCV  
  67  5:02  SCV, Banshee, Siege Tank  
  73  5:10  SCV  
  73  5:11  Supply Depot  
  74  5:14  SCV  
  75  5:22  SCV  
  75  5:26  Supply Depot, SCV  
  77  5:34  SCV  
  78  5:38  SCV, Barracks  
  78  5:42  Siege Tank  
  80  5:46  SCV  
  81  5:50  SCV  
  81  5:51  Bunker  
  81  5:52  Bunker  
  85  5:58  SCV  
  85  6:02  SCV  
  80  6:07  Barracks Tech Lab, Engineering Bay  
  80  6:10  SCV  
Show
View Real Time Build Order
Export as new Build Order

ShoWTimE Protoss 

Build Orders: 1 Gate Expand, Blink Stalkers 

Get SALT Encoding   

  12  0:00  Probe  
  13  0:12  Probe  
  14  0:17  Pylon  
  14  0:24  Probe  
  15  0:32  Probe  
  15  0:35  Gateway  
  15  0:40  Probe  
  16  0:46  Assimilator  
  17  0:50  Probe  
  18  1:02  Probe  
  19  1:15  Probe  
  20  1:22  Cybernetics Core  
  20  1:30  Nexus  
  20  1:33  Probe  
  21  1:40  Pylon  
  21  1:45  Probe  
  22  1:47  Assimilator  
  22  1:48  Adept  
  22  1:49  Warp Gate  
  22  1:57  Probe  
  25  2:09  Probe  
  26  2:18  Adept  
  26  2:21  Probe  
  29  2:24  Twilight Council  
  29  2:27  Blink  
  29  2:33  Probe  
  30  2:39  Gateway  
  30  2:42  Probe  
  31  2:45  Probe  
  31  2:47  Stalker  
  34  2:54  Probe  
  34  2:58  Probe  
  36  3:06  Probe  
  36  3:10  Probe  
  38  3:17  Pylon  
  38  3:18  Probe  
  39  3:21  Robotics Facility  
  39  3:23  Probe  
  40  3:30  Probe  
  41  3:35  Probe  
  41  3:38  Stalker x2  
  46  3:43  Probe, Pylon  
  46  3:47  Probe  
  48  3:58  Probe  
  48  4:00  Stalker, Probe  
  48  4:01  Stalker  
  54  4:02  Pylon  
  54  4:08  Observer  
  55  4:11  Probe  
  56  4:19  Nexus  
  56  4:21  Probe  
  57  4:25  Observer  
  57  4:26  Assimilator, Probe  
  57  4:30  Stalker  
  61  4:33  Assimilator  
  61  4:34  Probe  
  62  4:39  Probe  
  62  4:40  Stalker  
  65  4:45  Pylon  
  65  4:47  Probe  
  65  4:51  Probe  
  67  4:56  Pylon  
  67  4:59  Probe  
  68  5:03  Probe  
  68  5:05  Stalker x2  
  73  5:14  Shield Battery  
  68  5:29  Stalker x2  
  68  5:30  Probe x2  
  68  5:33  Probe  
  75  5:42  Probe  
  72  5:43  Immortal  
  72  5:44  Probe  
  70  5:52  Stalker x2  
  70  5:55  Probe  
  70  5:56  Probe x2  
  71  6:07  Probe  
  67  6:11  Gateway  
  67  6:12  Gateway  
Tags
 
Add a new tag
Caveats
  • Supply blocks, unpowered buildings, or Contaminate may cause inaccurate times.
  • Supply counts are checked every 10 seconds.